← All builds
Geo / Armada / Economy first / OBSERVED BUILD

Liche bombers

Armada Geo build order · Supreme Isthmus

Geo rushes an Advanced Aircraft Plant and pushes T2 Liche atomic bombers into the enemy base from around 8:23, well before the role's typical T2 timing.

Usually blows up the commander for T2 (86%)

#t2 #air #push · 22 distinct matches · 14 players · 1% of Armada Geo games · team won 82% of 22 · Recently observed

THE CATCH, AND WHAT COMES WITH IT
  • LicheT2 air bombers from 8:23 · 1% of role by thenFrom the Advanced Aircraft Plant. Only 1% of Geo games have it by then; others who build it get it around 10:08
  • Advanced Aircraft PlantAdvanced Aircraft Plant in 100%2% of all Geo games by then
  • Aircraft PlantAircraft Plant in 100%16% of all Geo games by then
  • HighwindHighwind in 91%1% of all Geo games by then
  • OracleOracle in 91%1% of all Geo games by then

Started with Liche (95%), Stiletto (5%).

Where those units first fight, in 20 games with kill data: in the middle 75%, on their own side 15%, in the enemy base 10%.

Those units destroy a typical 6,216 metal of enemy units by 15:00.

Then transitions into Highwind (25% of army), Starlight (9% of army).

HOW TO PLAY IT

Key timing: Advanced Aircraft Plant by 7:45

  1. Open mex and wind as usual, then queue a Bot Lab fast.
  2. Finish geo, then reclaim Bot Lab and push straight into air.
  3. Build Aircraft Plant, then reclaim it into an Advanced Aircraft Plant.
  4. Push "Liche" bombers into the enemy base well ahead of role norm.
  5. Add "Oracle" and "Highwind" support, then shift into T2 cons and "Starlight".

Phase by phase

TYPICAL OF ITS 22 GAMES · AGAINST STANDARD GEO
  1. 1
  2. 2
  3. 3
  4. 4
  5. 5
PLAY THE OPENING

Follow the example game's first 9:24 step by step: what to build now, what comes next, and where it goes. At 1× it keeps pace with your own game.

  1. 1

    Up to the Bot Lab

    Economy
    • Metal Extractor3Mex
    • Wind Turbine3Wind
    Order
    1. Bot LabBot Lab after 3 mex, 3 winddone ~1:12, middle half 1:06–1:17

    By 0:56 in all: 3 mex · 3 wind

    The example game in this phase · 5 steps
    1. Mex ×2
    2. Wind
    3. Mex
    4. Wind ×3
    5. Bot LabBot Labdone 1:19 · typical 1:12
  2. 2

    Bot Lab to 5:00

    Economy
    • Metal Extractor1Mex
    • Wind Turbine6Wind+2 vs standard
    • Energy Converter8Converter
    • Energy Storage1Energy storage
    Order
    1. Geothermal PowerplantGeo after 4 mex, 6 wind, 1 energy storage
    2. Bot LabEat Bot Lab
    Builders
    • Construction Turret6 Con turret
    • Lazarus4 Lazarus
    • Construction Bot2 Con bot
    • Construction Bot1 Con bot for allies
    • Lazarus1 Lazarus for allies

    By 5:00 in all: 4 mex · 8 wind · 1 geo · 8 converter · 1 energy storage · 6 con turret

    The example game in this phase · 18 steps
    1. LazarusLazarus
    2. Wind
    3. LazarusLazarus
    4. Wind
    5. LazarusLazarus
    6. LazarusLazarusfor Beach sea
    7. Construction BotCon bot
    8. TickTick ×3
    9. Construction BotCon bot
    10. Energy storage
    11. Construction BotCon botfor Beach sea
    12. LazarusLazarus
    13. Mex
    14. Geothermal PowerplantGeodone 3:40 · typical 3:22
    15. Con turret ×4
    16. Bot LabEat Bot Labreclaimed for its metal
    17. Con turret ×2
    18. Converter ×3
  3. 3

    5:00 to Aircraft Plant

    Economy
    • Wind Turbine6Wind+6 vs standard
    • Energy Converter4Converter+3 vs standard
    Order
    1. Advanced Geothermal PowerplantAdvanced Geothermal Powerplant after 16 wind, 10 converter, 6 con turret
    2. Aircraft PlantAircraft Plant after 16 wind, 11 converter, 7 con turretdone ~7:03, middle half 6:53–7:39

    Some games also: con turret (50%)

    By 6:56 in all: 4 mex · 16 wind (standard 9) · 1 geo · 1 Advanced Geothermal Powerplant · 11 converter · 1 energy storage

    The example game in this phase · 5 steps
    1. Converter ×4
    2. Advanced Metal ExtractorT2 mex ×2done 5:48 · typical 5:40
    3. Advanced Geothermal PowerplantAdvanced Geothermal Powerplantdone 6:48 · typical 6:53
    4. Advanced Metal ExtractorT2 mex
    5. Aircraft PlantAircraft Plantdone 7:12 · typical 7:03
  4. 4

    Aircraft Plant to T2 air bombers

    Economy
    • Energy Converter3Converter+3 vs standard
    Order
    1. Advanced Aircraft PlantAdvanced Aircraft Plant after 16 wind, 13 converter, 7 con turret
    2. Aircraft PlantEat Aircraft Plant
    3. LicheT2 air bombers after 16 wind, 14 converter, 8 con turretdone ~9:01, middle half 8:39–9:25
    Builders
    • Construction Aircraft1 Con aircraft

    Some games also: con turret (41%)

    By 8:22 in all: 4 mex · 16 wind (standard 12) · 1 geo · 1 Advanced Geothermal Powerplant · 14 converter · 1 energy storage

    The example game in this phase · 7 steps
    1. Construction AircraftCon aircraft
    2. Advanced Metal ExtractorT2 mex
    3. Advanced Aircraft PlantAdvanced Aircraft Plantdone 8:08 · typical 8:21
    4. Converter
    5. Aircraft PlantEat Aircraft Plantreclaimed for its metal
    6. Converter ×4
    7. LicheLichedone 8:58 · typical 9:01
  5. 5

    T2 air bombers to 10:00

    Economy
    • Energy Converter1Converter
    Builders
    • Construction Turret2 Con turret +2 vs standard
    Army
    • Highwind5 Highwind +5 vs standard
    • Oracle1 Oracle

    Some games also: eat Vehicle Plant (41%)

    The standard build makes here, this one skips: 3 wind · 2 Starlight

    By 10:00 in all: 4 mex · 16 wind · 1 geo · 1 Advanced Geothermal Powerplant · 18 converter · 1 energy storage

    The example game in this phase · 39 steps
    1. Converter
    2. OracleOracle
    3. Converter
    4. HighwindHighwind ×2
    5. Converter
    6. HighwindHighwind ×3
    7. Advanced Construction AircraftT2 con aircraftfor Suicide front
    8. Con turret ×2
    9. HighwindHighwind
    10. Con turret ×2
    11. HighwindHighwind ×3
    12. Advanced Construction AircraftT2 con aircraft
    13. HighwindHighwind ×4
    14. Fusion ReactorFusiondone 11:52
    15. HighwindHighwind ×2
    16. Vehicle PlantVehicle Plantdone 11:49 · typical 10:57
    17. Advanced Aircraft PlantEat Advanced Aircraft Plantreclaimed for its metal
    18. Construction VehicleCon vehicle
    19. GroundhogGroundhog ×2
    20. Advanced Vehicle PlantAdvanced Vehicle Plantdone 12:37
    21. GroundhogGroundhog
    22. Con turret ×3
    23. CitadelAnti-nukedone 14:16
    24. Con turret
    25. Light MineLight Mine ×2
    26. JaguarJaguar
    27. Light MineLight Mine ×6
    28. JunoJuno
    29. Light MineLight Mine ×2
    30. JaguarJaguar
    31. Light MineLight Mine ×2
    32. JaguarJaguar
    33. JunoJuno
    34. JaguarJaguar
    35. Light MineLight Mine ×2
    36. JaguarJaguar
    37. ProphetRadar vehicle
    38. UmbraJammer
    39. StarlightStarlight ×5done 13:57

Counts are medians over the build's games: half of them build more, half fewer. The example game is __Bear__'s (37 OS, 03/10/2026); pick another.

Team trades

IN AT LEAST 30% OF ITS GAMES

You hand over

  • Lazarus1 Lazarus to Beach seafirst at 2:08 · in 64% of games
  • Construction Bot1 Con bot to Beach seafirst at 2:39 · in 86% of games
  • Advanced Construction Aircraft1 T2 con aircraft to Front or Suicide front or Beach seafirst at 10:12 · in 45% of games

You get

  • Advanced Construction Bot1 T2 con bot from Techfirst at 4:57 · in 100% of games

How it plays out

Typical game of this build against the role’s standard build, running totals by minute

  • This build
  • Standard geo

Metal produced

020k40k
0:005:0010:0015:00

metal

Enemy metal destroyed

05k10k15k
0:005:0010:0015:00

metal

Own metal lost

02k4k6k
0:005:0010:0015:00

metal

22 games.

Show as table
ByMetal produced: This buildMetal produced: Standard geoEnemy metal destroyed: This buildEnemy metal destroyed: Standard geoOwn metal lost: This buildOwn metal lost: Standard geo
1:003713330000
2:008958590000
3:00150415270000
4:00267226710000
5:00369336940000
6:00583156380000
7:00847080230000
8:00115081134500260
9:0014476144070435284
10:0017624172781468479260200
11:00201512012035441748884520
12:0022836229925633362113851607
13:0025605257347506591033662971
14:0027261285838260824837164426
15:00292053135492281020542155580
WHAT THE NUMBERS SAY

This build's team won far more often than the standard build, destroying nearly double the enemy metal by 10:00 while losing less metal overall by 15:00.

  • + Team won 79% vs 54% for the standard build.
  • + Destroyed 2556 enemy metal by 10:00 vs 542 for standard.
  • − Own metal production trails standard build by 15:00 (29205 vs 31727).
  • − Reclaims Bot Lab, Aircraft Plant and sometimes Vehicle Plant, delaying raw output.
THE EXAMPLE YOU ARE READING

__Bear__

37.5 OS · 03/10/2026

Open source match ↗

1 received units · includes a constructor
3071 metal received · 40627 energy received

Allied construction assistance is unknown. Timings are observations, not a promise of solo reproducibility.

Typical milestones

Bot Lab1:12Middle 50%: 1:06–1:17 · n=22
Geothermal Powerplant3:22Middle 50%: 3:16–3:32 · n=22
Advanced Metal Extractor5:40Middle 50%: 5:21–5:59 · n=22
Advanced Geothermal Powerplant6:53Middle 50%: 6:41–7:29 · n=22
Aircraft Plant7:03Middle 50%: 6:53–7:39 · n=22
Advanced Aircraft Plant8:21Middle 50%: 7:49–8:40 · n=22
Liche9:01Middle 50%: 8:39–9:25 · n=21
Vehicle Plant10:57Middle 50%: 7:48–11:52 · n=11

Played most by

__Bear__6games of this buildAriah2games of this buildEl_Turco2games of this buildSkyFireEX2games of this build[Cookie]Baby_Evis1game of this build